 Dungeon Crawl Stone Soup version 0.29-a0-330-g52719c12eb (webtiles) character file.

Game seed: 13390772738137620502

31691 Leszczynek the Transmogrifier (level 13, -2/101 HPs)
             Began as a Human Gladiator on Apr 21, 2022.
             Was a High Priest of Okawaru.
             Killed from afar by a hell hound (6 damage)
             ... with a blast of flame
             ... on level 6 of the Lair of Beasts.
             The game lasted 01:06:56 (6512 turns).

Leszczynek the Transmogrifier (Human Gladiator)     Turns: 6512, Time: 01:06:57

Health: -2/101     AC:  8    Str: 22    XL:     13   Next: 98%
Magic:  9/19       EV: 14    Int: 13    God:    Okawaru [*****.]
Gold:   903        SH:  0    Dex: 14    Spells: 10/20 levels left

rFire   + . .      SeeInvis .     - Unarmed
rCold   + . .      Faith    .   (shield currently unavailable)
rNeg    . . .      Spirit   .   K - +2 robe {rC+ rF+}
rPois   +          Reflect  .   b - +1 helmet
rElec   .          Harm     .   (no cloak)
rCorr   .          Rampage  .   (gloves currently unavailable)
Will    .....                   D - +1 pair of boots
Stlth   +.........              j - amulet of regeneration
HPRegen 1.06/turn               g - ring of poison resistance
MPRegen 0.16/turn               o - +6 ring of strength

@: lethally poisoned (-2 -> -3), blade hands, finesse-ful, hasted, very quick
A: no striking features
a: End Transformation, Renounce Religion, Heroism, Finesse, Duel


You were on level 6 of the Lair of Beasts.
You worshipped Okawaru.
Okawaru was extremely pleased with you.
You had blades for hands.
You visited 4 branches of the dungeon, and saw 21 of its levels.

You collected 2541 gold pieces.
You spent 1638 gold pieces at shops.

Inventory:

Hand Weapons
 a - the +7 captain's cutlass {speed, disarm}
   (You acquired it on level 1 of the Dungeon)

   Attacks with this weapon are significantly faster.
   It may disarm weapon-wielding foes when striking them, dealing extra damage
   in the process.
 x - a +6 morningstar
 y - a +6 spectral quarterstaff {god gift}
Missiles
 d - 12 javelins {god gift}
 l - 2 silver javelins {god gift}
 q - 4 atropa-tipped darts
 A - 8 boomerangs (quivered)
 E - a curare-tipped dart
Armour
 b - a +1 helmet (worn)
 e - a +2 robe of willpower
 r - the +1 Delatra's gloves (melded) {ID++}
   (You found it on level 3 of the Dungeon)

   It heals its wearer when they drink unknown potions.
   It restores its wearer's MP when they read unknown scrolls.
 u - a +0 buckler (melded)
 D - a +1 pair of boots (worn)
 K - a +2 robe of resistance (worn)
Jewellery
 g - a ring of poison resistance (left blade hand)
 j - an amulet of regeneration (around neck)
 o - a +6 ring of strength (right blade hand)
 z - an amulet of magic regeneration
 N - a ring of flight
 O - a +6 ring of intelligence
 R - a +4 ring of protection
 T - a ring of see invisible
 W - a ring of wizardry
Wands
 i - a wand of flame (32)
 w - a wand of acid (8)
 S - a wand of iceblast (6)
Scrolls
 c - 2 scrolls of blinking
 s - 7 scrolls of teleportation
 v - a scroll of fog
 B - a scroll of torment {!r}
 C - 4 scrolls of vulnerability {!r}
 H - 2 scrolls of immolation {!r}
 I - a scroll of amnesia
 J - a scroll of identify {@r1}
 U - a scroll of brand weapon {unknown}
Potions
 f - a potion of invisibility
 h - a potion of flight
 k - 6 potions of brilliance
 m - 3 potions of might
 n - 3 potions of curing {@q1}
 p - 2 potions of attraction
 t - a potion of magic {unknown}
 F - 3 potions of haste
 G - 2 potions of berserk rage {!q}
 L - a potion of lignification {!q}
 P - a potion of mutation {unknown}
 Q - a potion of ambrosia {unknown}
 V - a potion of degeneration {unknown}


   Skills:
 + Level 9.4 Fighting
 - Level 3.0 Short Blades
 - Level 6.0 Throwing
 - Level 5.0 Dodging
 - Level 5.0 Shields
 + Level 9.8 Unarmed Combat
 - Level 4.0 Spellcasting
 * Level 7.5 Conjurations
 - Level 12.0 Transmutations
 - Level 7.0 Invocations
 - Level 4.0 Evocations


You had 10 spell levels left.
You knew the following spells:

 Your Spells              Type           Power      Damage    Failure   Level
a - Blade Hands           Tmut           16%        N/A       30%         5
b - Irradiate             Conj/Tmut      14%        3d18      47%         5

Your spell library contained the following spells:

 Spells                   Type           Power      Damage    Failure   Level
 Sting                    Tmut/Pois      72%        1d6       21%         1
 Passwall                 Tmut/Erth      15%        N/A       24%         2
 Stone Arrow              Conj/Erth      24%        3d8       52%         3
 Sandblast                Erth           4%         2d4       63%         1
 Slow                     Hex            8%         N/A       63%         1
 Poisonous Vapours        Pois/Air       4%         N/A       73%         2
 Confusing Touch          Hex            2%         N/A       88%         3
 Vampiric Draining        Necr           2%         2d6       88%         3
 Dragon Form              Tmut           16%        N/A       97%         7
 Olgreb's Toxic Radiance  Pois           2%         N/A       99%         4
 Borgnjor's Vile Clutch   Necr/Erth      1%         N/A       100%        5
 Animate Dead             Necr           Unusable   N/A       N/A         4
 Death Channel            Necr           Unusable   N/A       N/A         6

Dungeon Overview and Level Annotations

Branches:
Dungeon (12/15)            Temple (1/1) D:5            Lair (6/6) D:9
  Swamp (0/4) Lair:4        Snake (0/4) Lair:3        Slime (0/5) Lair:5
    Orc (2/2) D:11
    Elf: Orc:2

Altars:
Cheibriados
Dithmenos
Gozag
Nemelex Xobeh
Okawaru
Wu Jian
Xom
Yredelemnul
Beogh

Shops:
D:10 [   Orc:2 !(??

Annotations:
Lair:5 1 runed translucent door (manual of Dodging), Fuch's ghost, journeyman DsCj


Message History

The hell hound barks! x4
A wolf comes into view.
A wolf comes into view.
The hell hound breathes flames at you. The blast of flame misses you.
The hell hound bites you!
* * * LOW HITPOINT WARNING * * *
The hell hound barely misses you. The hell hound closely misses you.
The hell hound barely misses you.
The wolf howls!
Unknown command.
Unknown command.
Unknown command.
Okay, then.
You feel much better.
You feel yourself speed up.
You feel like a meek peon again.
You feel sick.
The hell hound bites you but does no damage.
The hell hound barely misses you. The wolf bites you. The hell hound bites you.
* * * LOW HITPOINT WARNING * * *
The hell hound breathes flames at you. The blast of flame hits you. You resist.
* * * LOW HITPOINT WARNING * * *
The blast of flame hits the hell hound.
The hell hound completely resists.
The wolf bites you.
* * * LOW HITPOINT WARNING * * *
The hell hound barely misses you. The hell hound misses you.
The wolf completely misses you. The hell hound misses you.
The hell hound bites you but does no damage.
The wolf barely misses you.
Unknown command.
Unknown command.
Unknown command.
You feel yourself speed up.
You feel sick. The hell hound closely misses you. The hell hound bites you!
* * * LOW HITPOINT WARNING * * *
The wolf bites you but does no damage. The hell hound misses you.
The hell hound bites you but does no damage.
The hell hound breathes flames at you. The blast of flame hits you. You resist.
You die...

# ### #.#..# ##
.# .....h#
#.#..##
.....hh#h?....#
...hhhh@h.h...#
....##hhh..##..
. #.#....#
####..## .## ##


You could see 7 hell hounds and 6 wolves.

Vanquished Creatures
  2 boulder beetles (D:11)
  3 hydras
  A two-headed ogre (D:8)
  3 orc high priests (Orc:2)
  6 orc knights
  A lindwurm (Lair:6)
  6 orc sorcerers
  An ugly thing (D:11)
  6 elephants
  7 cane toads
  2 unseen horrors
  2 komodo dragons (Lair:6)
  2 trolls
  A polar bear (Lair:5)
  A hornet (D:7)
  Prince Ribbit (D:8)
  A slime creature (Lair:2)
  6 dream sheep (Lair:5)
  3 wyverns
  3 shadows (D:11)
  A wraith (D:11)
  17 yaks
  6 vampire mosquitoes (Lair:4)
  A steam dragon (D:9)
  Menkaure (D:7)
  3 nagas (Lair:3)
  A warg (Orc:1)
  An acid dragon (D:7)
  9 water moccasins
  2 ice beasts
  24 orc warriors
  4 sky beasts
  4 black bears
  2 ogres
  10 wolves
  2 centaurs (D:8)
  A phantom (D:6)
  2 kobold brigands
  Blork the orc (D:5)
  8 bullfrogs
  A scorpion (D:9)
  5 wights (D:10)
  A vampire bat (Orc:1)
  A howler monkey (D:8)
  14 jellies
  2 hounds (D:5)
  13 orc priests
  A gnoll shaman (D:8)
  Terence (D:2)
  An iguana (D:7)
  Ijyb (D:5)
  6 hell rats (Lair:5)
  17 orc wizards
  6 ogre zombies (D:11)
  5 adders
  8 gnolls
  2 shadow imps
  A white imp (D:7)
  2 ufetubi
  3 worms (D:2)
  51 orcs
  A ball python (D:2)
  10 endoplasms
  A giant cockroach (D:2)
  3 goblins
  5 hobgoblins
  4 jackals (D:5)
  3 quokkas
  7 bats
  2 frilled lizards (D:3)
  A goblin zombie (D:11)
  A hobgoblin skeleton (D:11)
  6 hobgoblin zombies (D:11)
  11 kobolds
  11 orc zombies (D:11)
  2 rats
368 creatures vanquished.

Vanquished Creatures (collateral kills)
  A white imp (D:5)
  An orc (D:5)
2 creatures vanquished.

Vanquished Creatures (others)
  An orc wizard (D:5)
  An orc (Orc:2)
  32 fungi
  29 plants
63 creatures vanquished.

Grand Total: 433 creatures vanquished

Notes
Turn   | Place    | Note
-------+----------+-------------------------------------------
     0 | D:1      | Leszczynek the Human Gladiator began the quest for the Orb.
     0 | D:1      | Reached XP level 1. HP: 16/16 MP: 1/1
   101 | D:1      | Identified 3 scrolls of acquirement
   101 | D:1      | Acquired 529 gold pieces
   112 | D:1      | Acquired the +7 captain's cutlass {speed, disarm}
   112 | D:1      | Found the +7 captain's cutlass {speed, disarm}
   115 | D:1      | Acquired 640 gold pieces
   117 | D:1      | legitimately terrible acquirements
   117 | D:1      | all randarts had bullshit like int-5
   117 | D:1      | or *slow etc.
   135 | D:2      | Reached XP level 2. HP: 22/22 MP: 2/2
   138 | D:2      | Reached skill level 1 in Transmutations
   253 | D:2      | Reached XP level 3. HP: 28/28 MP: 3/3
   272 | D:2      | Reached skill level 2 in Transmutations
   463 | D:4      | Reached XP level 4. HP: 34/34 MP: 4/4
   519 | D:5      | Entered Level 5 of the Dungeon
   523 | D:5      | Noticed a sky beast
   531 | D:4      | Reached skill level 1 in Evocations
   709 | D:3      | Found the +1 Delatra's gloves {ID++}
   779 | D:2      | Noticed Terence
   790 | D:2      | Killed Terence
   791 | D:2      | Reached skill level 3 in Fighting
   791 | D:2      | Reached skill level 3 in Transmutations
   791 | D:2      | Reached XP level 5. HP: 27/41 MP: 5/5
   815 | D:5      | Noticed Blork the orc
   842 | D:5      | Found a staircase to the Ecumenical Temple.
   846 | D:5      | Noticed a sky beast
   849 | D:5      | Noticed an ice beast
   877 | D:5      | Killed an ice beast
   878 | D:5      | Reached skill level 4 in Transmutations
   878 | D:5      | Reached skill level 2 in Evocations
   878 | D:5      | Reached XP level 6. HP: 46/47 MP: 6/6
   921 | D:5      | Killed Blork the orc
   922 | D:5      | Reached XP level 7. HP: 46/53 MP: 7/7
   939 | D:5      | Reached skill level 4 in Fighting
   939 | D:5      | Reached skill level 5 in Transmutations
   939 | D:5      | Reached skill level 3 in Evocations
   970 | Temple   | Entered the Ecumenical Temple
   988 | Temple   | Became a worshipper of Warmaster Okawaru
  1024 | D:5      | Reached skill level 1 in Shields
  1040 | D:5      | Reached skill level 2 in Shields
  1057 | D:5      | Noticed Ijyb
  1068 | D:5      | Killed Ijyb
  1069 | D:5      | Reached XP level 8. HP: 61/61 MP: 8/8
  1115 | D:6      | Reached skill level 3 in Shields
  1315 | D:5      | Reached * piety under Okawaru
  1316 | D:5      | Reached skill level 5 in Fighting
  1322 | D:5      | Reached skill level 4 in Shields
  1578 | D:7      | Reached skill level 4 in Evocations
  1578 | D:7      | Noticed a hornet
  1594 | D:7      | Noticed Menkaure
  1596 | D:7      | Killed a hornet
  1596 | D:7      | Reached ** piety under Okawaru
  1597 | D:7      | Reached skill level 6 in Fighting
  1597 | D:7      | Reached skill level 5 in Shields
  1597 | D:7      | Reached XP level 9. HP: 69/69 MP: 9/9
  1602 | D:7      | Killed Menkaure
  1630 | D:7      | Reached skill level 1 in Short Blades
  1658 | D:7      | Reached skill level 6 in Transmutations
  1742 | D:7      | Reached skill level 2 in Short Blades
  1829 | D:7      | Reached *** piety under Okawaru
  1830 | D:7      | Reached skill level 4 in Unarmed Combat
  1888 | D:8      | Noticed Prince Ribbit
  1919 | D:8      | Killed Prince Ribbit
  1920 | D:8      | Reached skill level 7 in Transmutations
  1920 | D:8      | Reached skill level 1 in Invocations
  1968 | D:8      | Noticed a two-headed ogre
  2020 | D:8      | Reached skill level 3 in Short Blades
  2023 | D:8      | Killed a two-headed ogre
  2023 | D:8      | Received a gift from Okawaru
  2023 | D:8      | Reached **** piety under Okawaru
  2023 | D:8      | Received a gift from Okawaru
  2024 | D:8      | Reached skill level 5 in Unarmed Combat
  2024 | D:8      | Reached skill level 3 in Invocations
  2024 | D:8      | Reached XP level 10. HP: 77/77 MP: 8/12
  2047 | D:8      | Reached skill level 8 in Transmutations
  2142 | D:9      | Identified the +8 hunting sling of Makhleb, Disbelieving
                  | {venom, Fragile rF- rC+ Will+++}
  2187 | D:9      | Reached skill level 4 in Invocations
  2232 | D:9      | Found a staircase to the Lair.
  2236 | D:9      | Reached skill level 9 in Transmutations
  2316 | D:10     | Entered Level 10 of the Dungeon
  2318 | D:10     | Found Toxen's Antique Armour Shop.
  2323 | D:10     | Reached skill level 6 in Unarmed Combat
  2348 | D:10     | Bought a pair of boots for 103 gold pieces
  2400 | D:10     | Killed an unseen horror
  2593 | D:11     | Killed an unseen horror
  2593 | D:11     | Received a gift from Okawaru
  2594 | D:11     | Reached skill level 5 in Invocations
  2619 | D:12     | Noticed a two-headed ogre
  2640 | D:11     | Noticed a green ugly thing
  2674 | D:11     | Killed a green ugly thing
  2674 | D:11     | Reached ***** piety under Okawaru
  2675 | D:11     | Reached XP level 11. HP: 56/83 MP: 12/14
  2737 | D:11     | Reached skill level 4 in Dodging
  2785 | D:11     | Noticed a boulder beetle
  2821 | D:11     | Reached skill level 10 in Transmutations
  2833 | D:11     | Killed a boulder beetle
  2863 | D:11     | Found a staircase to the Orcish Mines.
  2873 | D:11     | Noticed an orc sorcerer
  2895 | D:11     | Killed an orc sorcerer
  2914 | D:11     | Reached skill level 7 in Unarmed Combat
  2949 | D:11     | Learned a level 5 spell: Blade Hands
  2950 | Orc:1    | Entered Level 1 of the Orcish Mines
  2950 | Orc:1    | Noticed an orc sorcerer
  2953 | Orc:1    | Noticed a soul eater
  3000 | D:11     | Reached skill level 6 in Invocations
  3048 | D:10     | Found a shadowy altar of Dithmenos.
  3114 | D:11     | Noticed a four-headed hydra
  3129 | D:11     | Killed a four-headed hydra
  3130 | D:11     | Reached skill level 5 in Dodging
  3240 | D:10     | Bought a glowing robe for 85 gold pieces
  3255 | D:10     | Bought a runed robe for 85 gold pieces
  3255 | D:10     | oof
  3268 | D:10     | one is +2 will+, the other is +2 rF+ rC+
  3268 | D:10     | literally the best unrandarts you can find
  3268 | D:10     | or rather, non artifacts
  3507 | D:11     | Noticed a boulder beetle
  3518 | D:11     | Ouch! That really hurt!
  3524 | D:11     | Killed a boulder beetle
  3525 | D:11     | Reached skill level 1 in Spellcasting
  3537 | Orc:1    | Killed an orc sorcerer
  3602 | Orc:1    | Reached skill level 2 in Spellcasting
  3677 | Orc:1    | Noticed an orc knight
  3677 | Orc:1    | Noticed an orc knight
  3802 | Orc:1    | Learned a level 5 spell: Irradiate
  3808 | Orc:2    | Entered Level 2 of the Orcish Mines
  3957 | Orc:1    | Reached skill level 7 in Fighting
  3957 | Orc:1    | Reached XP level 12. HP: 35/83 MP: 14/17
  4128 | Orc:2    | Received a gift from Okawaru
  4129 | Orc:2    | Reached skill level 3 in Spellcasting
  4129 | Orc:2    | Reached skill level 1 in Conjurations
  4235 | Orc:2    | Noticed an orc high priest
  4235 | Orc:2    | Noticed an orc high priest
  4235 | Orc:2    | Noticed an orc high priest
  4239 | Orc:2    | uhhhhhhhhhh
  4247 | Orc:2    | Killed an orc high priest
  4248 | Orc:2    | Reached skill level 11 in Transmutations
  4251 | Orc:2    | Killed an orc high priest
  4251 | Orc:2    | Noticed a soul eater
  4252 | Orc:2    | Reached skill level 7 in Invocations
  4253 | Orc:2    | Reached skill level 2 in Conjurations
  4258 | Orc:2    | Killed an orc high priest
  4259 | Orc:2    | Reached skill level 4 in Spellcasting
  4263 | Orc:2    | Reached skill level 8 in Unarmed Combat
  4277 | Orc:2    | Reached skill level 3 in Conjurations
  4283 | Orc:2    | Noticed a sixfirhy
  4284 | Orc:2    | Noticed a sun demon
  4288 | Orc:2    | Received a gift from Okawaru
  4349 | Orc:2    | Noticed a sun demon
  4458 | Orc:1    | Reached skill level 8 in Fighting
  4643 | Orc:2    | Found Nestiud's Magic Scroll Shoppe.
  4643 | Orc:2    | Found Qaycw's Magic Scroll Shoppe.
  4662 | Orc:2    | Reached skill level 4 in Conjurations
  4680 | Orc:2    | Found Xosehebb's Weapon Boutique.
  4680 | Orc:2    | Found Zonnif's Distillery.
  4703 | Orc:2    | only consumables
  4703 | Orc:2    | Bought a scroll of blinking for 90 gold pieces
  4703 | Orc:2    | Bought a scroll of identify for 24 gold pieces
  4703 | Orc:2    | Bought a scroll of identify for 24 gold pieces
  4703 | Orc:2    | Bought a scroll of noise for 12 gold pieces
  4703 | Orc:2    | Bought a scroll of teleportation for 36 gold pieces
  4703 | Orc:2    | Bought a scroll of blinking for 90 gold pieces
  4706 | Orc:2    | Bought a potion of brilliance for 60 gold pieces
  4706 | Orc:2    | Bought a potion of brilliance for 60 gold pieces
  4706 | Orc:2    | Bought a potion of brilliance for 60 gold pieces
  4706 | Orc:2    | Bought a potion of invisibility for 120 gold pieces
  4706 | Orc:2    | Bought a potion of flight for 45 gold pieces
  4706 | Orc:2    | Bought a potion of brilliance for 60 gold pieces
  4706 | Orc:2    | Bought a potion of haste for 150 gold pieces
  4716 | Orc:2    | Bought a scroll of fog for 34 gold pieces
  4716 | Orc:2    | Bought a scroll of amnesia for 59 gold pieces
  4716 | Orc:2    | Bought a scroll of teleportation for 51 gold pieces
  4716 | Orc:2    | Bought a scroll of enchant armour for 127 gold pieces
  4716 | Orc:2    | Bought a scroll of teleportation for 51 gold pieces
  4716 | Orc:2    | Bought a scroll of enchant armour for 127 gold pieces
  4716 | Orc:2    | Bought a scroll of identify for 34 gold pieces
  4716 | Orc:2    | Bought a scroll of teleportation for 51 gold pieces
  4837 | D:11     | so i'll need throwing for hydras
  4926 | Lair:1   | Entered Level 1 of the Lair of Beasts
  4942 | D:9      | Reached skill level 3 in Throwing
  4990 | Lair:1   | Reached XP level 13. HP: 91/98 MP: 7/19
  5042 | Lair:2   | Reached skill level 4 in Throwing
  5050 | Lair:2   | Reached skill level 5 in Throwing
  5113 | Lair:2   | Received a gift from Okawaru
  5190 | Lair:3   | Reached skill level 6 in Throwing
  5244 | Lair:3   | Found a staircase to the Snake Pit.
  5428 | Lair:4   | Found a staircase to the Swamp.
  5437 | Lair:4   | Reached skill level 5 in Conjurations
  5439 | Lair:4   | Reached skill level 9 in Unarmed Combat
  5543 | Lair:5   | Noticed a four-headed hydra
  5552 | Lair:5   | Killed a four-headed hydra
  5558 | Lair:5   | Reached skill level 12 in Transmutations
  5580 | Lair:5   | Found a runed translucent door.
  5590 | Lair:5   | Noticed Fuch's ghost (journeyman DsCj)
  5591 | Lair:5   | Identified the +10 spear of Vumuubur {flame, Fragile rPois
                  | rN++ rCorr}
  5768 | Lair:3   | Reached skill level 6 in Conjurations
  5901 | Lair:4   | Received a gift from Okawaru
  5976 | Lair:6   | Entered Level 6 of the Lair of Beasts
  6041 | Lair:6   | Reached skill level 9 in Fighting
  6050 | Lair:6   | the fuck
  6074 | Lair:6   | disjointed lair
  6234 | Lair:5   | Noticed a four-headed hydra
  6248 | Lair:5   | Killed a four-headed hydra
  6278 | Lair:5   | Found a staircase to the Slime Pits.
  6294 | Lair:5   | Reached ****** piety under Okawaru
  6300 | Lair:5   | Reached skill level 7 in Conjurations
  6508 | Lair:6   | HP: 17/101 [torpor snail (16)]
  6510 | Lair:6   | HP: 6/101 [hell hound (9)]
  6512 | Lair:6   | Killed from afar by a hell hound

Illustrated notes #.####.......# #.# .............######.######## #.......#.............# ###............######.#### #......................# ##..###.####)######.##.# #..# #.# #.# #.##.### #..###.####.# #....... #.......@.>†# ######.. ........####.# ### .##.##### #.# #. #.# .. #.# # #.. #.# ..# #.# Turn 117 on D:1: legitimately terrible acquirements .....# #...........# #.#### ########.#### #..## #.# ##..# ###.# ##.# #..<# #.# ####[####### ###'##### #..........# ........# #..........# ........# ###..@[......#. ........# ##.'....)....... .......(###..#....[......# ........##..##..........## ........'..###..........# ........#### ############ ######### Turn 3255 on D:10: oof ....# #...........# ....# #...........# .#### ########.#### ..## #.# #..# ###.# ##.# #..<# #.# ####[####### ##'##### #..........# .......# #...@......# .......# ###..∩[......#. .......# ##.'....)....... ......(###..#....[......# .......##..##..........## .......'..###..........# .......#### ############ ######## Turn 3268 on D:10: one is +2 will+, the other is +2 rF+ rC+ #..# #.............. ##.###.............. #..##...#.#........ ##.##...####....... . #.###............. ... #.###............. ...o.#####.##.#.....#...... .o.o.oo.................... ..o..#####@##..........#... o.. #.##..........##.. . #.##.........#.... #.##.............. #..###............. #.## ###....#...... .. ....#....... ..# .......... ..# ........ Turn 4239 on Orc:2: uhhhhhhhhhh ##..#<#.... #.....[.... ##......... ########.. #### #.. ####....## #.. #.....##..## #.. ##.......##..# #.. #@.#.## ..##.###.. ##..#..##..##..##.. #∩.#....#...##.##.. #..#........ #.###. #.#........ #.###. #.#......#####.##.# #..........[)).))). #.#......#####)##). #.#.........##.##.. Turn 4703 on Orc:2: only consumables

...##...)#.#.....#..#...##...###
...#######..##.##.#...####....##
...#.......##..#...##.## #.....#
...##..###...#.#.#.....# #.....#
...#.# .##.#.....#..#..# #.....#
...##.#.#.#.#...#..##.#.##.....#
...# ..##....[)#..#.#.#.##..####
...###. #..##)>.#..#.##.##.###
...##..##..###[.@..#.### #...#
...##.#......#.#..#.# #.##...##
...##...#..###......# ##......##
...##.####.#.##.#...###..###...#
...##..###....###......####....#
...###..#.####.####.#### #....##
.#####.###################..#.#
.##.....##..................###
.##......###...............##


Turn 4837 on D:11: so i'll need throwing for hydras ### ##.#### #..#P.# #...P.##
#....PP## #P......# ### #..@....## ##.## ####...†.###...### #.(...........#
###...........## ####.........# #P........# ##P.......# ###......# ##.....# Turn
6050 on Lair:6: the fuck #.#### ##.#.## ##.#.# #####..## ##...#..## ###......#.#
#..#.......# ###.......## #.....@.## #P.....## #......# ####...# ##..### #...##
#P.P#.# ####### Turn 6074 on Lair:6: disjointed lair

Levels and vault maps discovered:
D:1:      amcnicky_arrival_feature_with_door, layout_loops_ring,
          shapermc_ecumenical_altar_notcrosses
D:2:      layout_basic, uniq_terence, uniq_jessica
D:3:      layout_loops_ring, serial_bayou_pond_a
D:4:      layout_loops_ring, lemuel_old_faithful
D:5:      lemuel_castle_with_subvaults [lemuel_castle_interior_carwin_1],
          layout_basic, minmay_temple_entry_sparse_star,
          hangedman_decor_clover_reticule, minmay_misc_feat_pillars,
          minmay_tree_intersection, uniq_crazy_yiuf_cottage, uniq_blork_the_orc,
          uniq_ijyb
D:6:      layout_basic
D:7:      layout_basic, minitemple, uniq_menkaure, uniq_pikel
D:8:      layout_rooms, dk_vineyard_1, uniq_prince_ribbit1
D:9:      layout_loops_cross, grunt_lair_entry_orc_guard_hut
D:10:     layout_roguey, grunt_dithmenos_smoke, serial_shops, shop
D:11:     layout_cave_pools, zombieorc1_lemuel, doesnt_xom_only_xom,
          uniq_erolcha
D:12:     layout_basic, special_room [special_room_orc],
          nicolae_elevator_lobby_plus, uniq_maurice, uniq_frances, uniq_fannar
Temple:   eino_temple_rhombus
Lair:1:   layout_small_grid, chequers_serial_rivers_room_a,
          grunt_forest_large_clearings, lemuel_fruit_fields, uniq_nergalle
Lair:2:   lemuel_slime, layout_loops_ring, st_stairs_12
Lair:3:   layout_concentric_octagons, minmay_snake_entry_guardpost_small,
          beast_lair_carwin_5, grunt_megastairs_2, uniq_amaemon
Lair:4:   layout_misc_corridors, minmay_swamp_entry_swarm
Lair:5:   layout_small_grid, slime_dummy, ebering_ghost_funeral_grove
Lair:6:   hangedman_lair_caniforms_friends, layout_cave_pods,
          hangedman_lair_in_review, hellmonk_guarded_unrand_vines
Orc:1:    cheibrodos_orc_arena, layout_caves, basic_altar, roderic_batcave
Orc:2:    st_orc_elflike, layout_caves, mines2_lemuel

Skill      XL: |  1  2  3  4  5  6  7  8  9 10 11 12 13 |
---------------+----------------------------------------+-----
Transmutations | 1 2 3 4 5 7 9 10 11 12 | 12.0
Evocations     | 1 2 3 4 |  4.0
Fighting       | 3 4 6 7 8 9 |  9.4
Shields        | 2 5 |  5.0
Short Blades   | 3 |  3.0
Unarmed Combat | 5 6 7 8 9 |  9.8
Invocations    | 3 5 6 7 |  7.0
Dodging        | 5 |  5.0
Spellcasting   | 2 4 |  4.0
Conjurations   | 4 7 |  7.5
Throwing       | 3 6 |  6.0

Action                   |  1- 3 |  4- 6 |  7- 9 | 10-12 | 13-15 || total
-------------------------+-------+-------+-------+-------+-------++-------
Melee: Cutlass           |    46 |    65 |   226 |   490 |    74 ||   901
       Unarmed           |     2 |       |       |    87 |   158 ||   247
       Punch             |     1 |     4 |     1 |     8 |    10 ||    24
       Morningstar       |       |       |       |     6 |     4 ||    10
Throw: Throwing net      |       |     1 |     1 |     4 |       ||     6
       Javelin           |       |       |     2 |    29 |    14 ||    45
       Boomerang         |       |       |     2 |    13 |     6 ||    21
       Dart              |       |       |     1 |       |       ||     1
 Cast: Blade Hands       |       |       |       |    10 |    16 ||    26
       Irradiate         |       |       |       |       |     1 ||     1
Invok: Heroism           |       |       |     2 |    26 |     7 ||    35
       Finesse           |       |       |       |     5 |     1 ||     6
 Abil: End Transformatio |       |       |       |     1 |       ||     1
Evoke: Wand              |       |       |    10 |    10 |       ||    20
  Use: Scroll            |     3 |     2 |       |     8 |     7 ||    20
       Potion            |       |     1 |       |     3 |     2 ||     6
 Stab: Sleeping          |     1 |     1 |       |     1 |       ||     3
       Held in net/web   |       |       |     1 |       |       ||     1
       Paralysed         |       |       |    11 |     8 |       ||    19
Armor: Leather armour    |     5 |    12 |    56 |    45 |       ||   118
       Robe              |       |       |       |    50 |    61 ||   111
Dodge: Dodged            |    12 |    39 |   115 |   195 |   170 ||   531
Block: Buckler           |       |       |    34 |   101 |    23 ||   158

Table legend: (Time is in decaauts)
 A = Elapsed time spent in this place.
 B = Non-inter-level travel time spent in this place.
 C = Inter-level travel time spent in this place.
 D = Time resting spent in this place.
 E = Time spent auto-exploring this place.
 F = Levels seen in this place.
 G = Mean time per level.
                   A        B        C        D        E       F      G
               +--------+--------+--------+--------+--------+-----+--------+
         Total |   6223 |   5730 |    493 |     25 |      0 |  21 |  296.3 |
       Dungeon |   3455 |   3126 |    329 |     21 |      0 |  12 |  287.9 |
        Temple |     34 |     19 |     15 |      0 |      0 |   1 |   34.0 |
          Lair |   1505 |   1423 |     82 |      0 |      0 |   6 |  250.8 |
  Orcish Mines |   1228 |   1162 |     66 |      4 |      0 |   2 |  614.0 |
               +--------+--------+--------+--------+--------+-----+--------+

Top non-repeatable levels by time:
    D:11: 749 daAuts
   Orc:2: 637 daAuts
   Orc:1: 590 daAuts
     D:5: 411 daAuts
  Lair:3: 411 daAuts
  Lair:5: 401 daAuts
    D:10: 341 daAuts
     D:9: 327 daAuts
     D:8: 313 daAuts
     D:2: 296 daAuts
  Lair:6: 263 daAuts
     D:6: 254 daAuts
     D:7: 251 daAuts
     D:4: 235 daAuts
  Lair:4: 207 daAuts
